 Dungeon Crawl Stone Soup version 0.30-a0-782-ge64f9170bb (webtiles) character file.

Game seed: 7014432919396950965

21 Barriton the Conjurer (level 2, -8/20 HPs)
             Began as a Draconian Conjurer on Feb 24, 2023.
             Killed by nerve-wracking pain
             ... invoked by Jessica
              (14 damage)
             ... on level 2 of the Dungeon.
             The game lasted 00:01:33 (1110 turns).

Barriton the Conjurer (Draconian Conjurer)          Turns: 1110, Time: 00:01:33

Health: -8/20      AC:  4    Str:  9    XL:     2   Next: 62%
Magic:  0/5        EV: 12    Int: 18    God:
Gold:   62         SH:  0    Dex:  9    Spells: 4/5 levels left

rFire   x . .      SeeInvis .    (no weapon)
rCold   + . .      Faith    .    (no shield)
rNeg    . . .      Spirit   .    (body armour unavailable)
rPois   .          Reflect  .    (helmet restricted)
rElec   .          Harm     .    (no cloak)
rCorr   .          Rampage  .    (no gloves)
Will    .....                    (no boots)
Stlth   ++                       (no amulet)
HPRegen 0.23/turn                c - ring of ice
MPRegen 0.09/turn                (no ring)

@: very slightly contaminated, slowed, very slow
A: AC +4, unfitting armour, cold-blooded
a: no special abilities


You were on level 2 of the Dungeon.
You visited 1 branch of the dungeon, and saw 2 of its levels.

You collected 62 gold pieces.

Inventory:

Jewellery
 c - a ring of ice (left hand)
Scrolls
 b - a scroll of enchant weapon {unknown}
 e - 2 scrolls of identify
 j - a scroll of teleportation
Potions
 a - a potion of magic
 d - a potion of curing {unknown}
 f - 2 potions of brilliance


   Skills:
 + Level 1.9 Dodging
 + Level 1.9 Stealth
 + Level 0.2 Unarmed Combat
 + Level 2.1 Spellcasting
 + Level 4.5 Conjurations


You had 4 spell levels left.
You knew the following spells:

 Your Spells              Type           Power      Damage    Failure   Level
a - Magic Dart            Conj           72%        1d6       2%          1

Your spell library contained the following spells:

 Spells                   Type           Power      Damage    Failure   Level
 Searing Ray              Conj           36%        2d5       4%          2
 Dazzling Flash           Conj/Hex       20%        N/A       22%         3
 Fulminant Prism          Conj/Hex       5%         3d7       56%         4
 Iskenderun's Mystic Bla  Conj/Tloc      10%        2d4       56%         4


Dungeon Overview and Level Annotations

Branches:
Dungeon (2/15)

Altars:

Annotations:
D:2 Jessica


Innate Abilities, Weirdness & Mutations

Your plain brown scales are hard. (AC +4)
You cannot fit into any form of body armour.
You are cold-blooded and may be slowed by cold attacks.


Message History

You can't see any susceptible monsters within range! (Use Z to cast anyway.)
You see here a ball python corpse.
You open the door.
Found 7 stones.
Found a leather armour.
Jessica the Apprentice Sorceress comes into view.
She is wielding a +0 dagger of venom.
Jessica shouts!
Jessica drinks a potion.
Jessica's spells are empowered!
Jessica is nearby!
Jessica is nearby!
The magic dart hits Jessica.
Jessica is lightly wounded.
The magic dart hits Jessica.
Jessica is moderately wounded.
The magic dart hits Jessica.
Jessica is almost dead.
Jessica gestures wildly.
Jessica gestures wildly while chanting.
Jessica seems to speed up.
The magic dart hits Jessica.
Jessica is almost dead.
You miscast Magic Dart.
You are very lightly contaminated with residual magic.
Nothing appears to happen.
Jessica gestures wildly while chanting.
Jessica blinks!
Jessica points at you and mumbles some strange words.
You feel yourself slow down.
You are out of magic!
Jessica is nearby!
Jessica points at you and mumbles some strange words.
Pain shoots through your body!
Ouch! That really hurt!
* * * LOW HITPOINT WARNING * * *
Jessica casts a spell at you.
You struggle to resist.
Jessica casts a spell at you. Pain shoots through your body!
Ouch! That really hurt!
You die...

,******,,,,,,,,,,,,,,*
*##,,#...# ,* *,,,,,,,,,,,,,,*
*,,,..###.
,**********,,,,,,,,,,*
*,#....... ,,,,,* *,,,,,,,,,,*
*,#....... ****,* ************
*,###.###. *,* *,,..,#..# *,***
*,##**#..#
*,,,**#####################...
***,,,...@...@...............#
**,*,,*#####################..#
***,,,,,*** #..# ,,,,,,,,,,***
#..# ****,,,,,,,,* #...
*,,,,,,,*,* ##.# ***,,,>,,,*,*
#.# ,,,,,,,,,**,* ******* #.#
***,,,,,,,,,* *,,,,,* #.#


You could see Jessica (fast, empowered).

Vanquished Creatures
  2 bats (D:1)
  A goblin (D:1)
  A hobgoblin (D:1)
  3 jackals (D:1)
  9 kobolds
  2 ball pythons
  3 frilled lizards (D:1)
21 creatures vanquished.

Vanquished Creatures (others)
  3 fungi (D:1)
  7 plants (D:1)
10 creatures vanquished.

Grand Total: 31 creatures vanquished

Notes
Turn   | Place    | Note
-------+----------+-------------------------------------------
     0 | D:1      | Barriton the Draconian Conjurer began the quest for the
                  | Orb.
     0 | D:1      | Reached XP level 1. HP: 14/14 MP: 3/3
   469 | D:1      | Reached XP level 2. HP: 20/20 MP: 3/5
   658 | D:1      | Found a faded altar of an unknown god.
  1103 | D:2      | Noticed Jessica
  1110 | D:2      | Killed from afar by Jessica

Illustrated notes

Levels and vault maps discovered:
D:1:      dpeg_arrival_lava_temple_mockup, layout_loops_ring,
          shapermc_ecumenical_altar_mp_urbaneastern, minmay_shallow_snake_nest
D:2:      layout_basic, nicolae_titane, uniq_jessica

Action                     || total
---------------------------++-------
  Melee: Unarmed           ||    54
         Punch             ||     1
         Tailslap          ||     8
   Cast: Magic Dart        ||    36
    Use: Scroll            ||     7
 Armour: Skin              ||    36
  Dodge: Dodged            ||    79

Table legend: (Time is in decaauts)
 A = Elapsed time spent in this place.
 B = Non-inter-level travel time spent in this place.
 C = Inter-level travel time spent in this place.
 D = Time resting spent in this place.
 E = Time spent auto-exploring this place.
 F = Levels seen in this place.
 G = Mean time per level.
                   A        B        C        D        E       F      G
               +--------+--------+--------+--------+--------+-----+--------+
         Total |   1109 |   1088 |     21 |      0 |    921 |   2 |  554.5 |
       Dungeon |   1109 |   1088 |     21 |      0 |    921 |   2 |  554.5 |
               +--------+--------+--------+--------+--------+-----+--------+

Top non-repeatable levels by time:
     D:1: 894 daAuts
     D:2: 215 daAuts
